 Dungeon Crawl Stone Soup version 0.14.0-12-g87ee3b7 (webtiles) character file.

290255 Deemzul the Black Belt (level 21, -8/114 HPs)
             Began as a Vine Stalker Monk on Apr 15, 2014.
             Was a High Priest of Okawaru.
             Killed from afar by a frost giant (10 damage)
             ... with a bolt of cold
             ... on Level 2 of the Depths on Apr 16, 2014.
             The game lasted 03:03:17 (39581 turns).

Deemzul the Black Belt (Vine Stalker Monk)         Turns: 39581, Time: 03:03:17

HP  -8/114       AC 33     Str 20      XL: 21   Next:  3%
MP   0/36        EV 19     Int 16      God: Okawaru [*****.]
Gold 4215        SH 34     Dex 29      Spells:  3 memorised, 24 levels left

rFire  x . .     SeeInvis +       - Unarmed
rCold  + + .     Clarity  +     r - +7 plate armour of Isupemm {+Fly rC+ MR++ Int-1 Acc-1}
rNeg   . . .     Conserve .     n - +3 shield {reflect}
rPois  +         rCorr    .     S - +2 helmet {SInv}
rElec  .         rRot     +     V - -1 cloak "Mnezy" {Dex+2 Acc+6 Curse}
SustAb . .       Spirit   +     A - +1 pair of gloves
rMut   .         Warding  .     K - +2 pair of boots {run}
Saprov . . .     Stasis   .     D - amulet of clarity
MR     ++++.                    B - ring of No Interval {Hunger- +Blink rPois rF- Int+3}
                                N - ring of Eneis {rC+ Str+2 Dex+4 Int+4}

@: heroism, drained, quick, incredibly resistant to hostile enchantments, very
stealthy
A: fangs 3, fast metabolism 1, regeneration 3, magic shield, antimagic bite, no
device heal
a: Heroism, Finesse, Renounce Religion, Evoke Blink, Evoke Flight
}: 1/15 runes: gossamer


You were on level 2 of the Depths.
You worshipped Okawaru.
Okawaru was extremely pleased with you.
You were not hungry.

You visited 8 branches of the dungeon, and saw 43 of its levels.
You visited 1 bazaar.
You also visited: Sewer, Ice Cave and Volcano.

You collected 4781 gold pieces.
You spent 566 gold pieces at shops.

Inventory:

Hand weapons
 s - a +5 blowgun
Missiles
 w - 10 curare-tipped needles
Armour
 n - a +3 shield of reflection (worn)
 r - the +7 plate armour of Isupemm (worn) {+Fly rC+ MR++ Int-1 Acc-1}
   (Okawaru gifted it to you on level 5 of the Vaults)

   It affects your intelligence (-1).
   It affects your accuracy with ranged weapons and melee attacks (-1).
   It protects you from cold.
   It affects your resistance to hostile enchantments.
   It lets you fly.
 A - a +1 pair of gloves (worn)
 C - the +4 robe of Thrynny {Contam +Rage +Inv rN+ Dex+2}
   (You found it on level 5 of the Dungeon)

   It affects your dexterity (+2).
   It protects you from negative energy.
   It lets you turn invisible.
   It lets you go berserk.
   It causes magical contamination when unequipped.
 K - a +2 pair of boots of running (worn)
 S - a +2 helmet of see invisible (worn)
 V - the -1 cloak "Mnezy" (worn) {Dex+2 Acc+6 Curse}
   (Okawaru gifted it to you on level 5 of the Spider Nest)

   It affects your dexterity (+2).
   It affects your accuracy with ranged weapons and melee attacks (+6).
   It may recurse itself when equipped.
Magical devices
 c - a wand of disintegration (9)
 x - a wand of digging (8)
 E - a wand of magic darts (10)
 G - a wand of paralysis (7)
 J - a wand of disintegration (7)
 L - a wand of fire (4)
 M - a wand of confusion (7)
 O - a wand of slowing (14)
 P - a wand of digging (5)
 Q - a wand of disintegration (3)
 T - a wand of teleportation (3)
 Y - a wand of magic darts (17)
Comestibles
 b - 6 bread rations
 u - a royal jelly
 R - 5 meat rations
Scrolls
 a - a scroll of magic mapping
 d - 5 scrolls of identify
 e - 7 scrolls of teleportation
 g - 5 scrolls of remove curse
 l - a scroll of fog
 z - a scroll of fear
 U - a scroll of recharging
 Z - a scroll of amnesia
Jewellery
 i - an uncursed amulet of stasis
 m - an uncursed ring of regeneration
 o - an uncursed ring of sustenance
 B - the ring of No Interval (right hand) {Hunger- +Blink rPois rF- Int+3}
   (You found it on level 7 of the Dungeon)

   [ring of sustenance]

   It affects your intelligence (+3).
   It makes you vulnerable to fire.
   It protects you from poison.
   It lets you blink.
 D - an amulet of clarity (around neck)
 N - the ring of Eneis (left hand) {rC+ Str+2 Dex+4 Int+4}
   (You acquired it on level 13 of the Dungeon)

   [ring of protection from cold]

   It affects your strength (+2).
   It affects your intelligence (+4).
   It affects your dexterity (+4).
Potions
 f - 2 potions of haste
 j - 9 potions of curing
 k - a potion of invisibility
 p - a potion of agility
 F - a potion of magic
 I - a potion of brilliance
 W - a potion of restore abilities
 X - a potion of cure mutation
Miscellaneous
 q - a fan of gales (inert)
 v - a fan of gales
 y - a box of beasts {used: 3}
 H - a stone of tremors
Rods
 t - a +1 rod of inaccuracy (10/10)
   (You found it on level 3 of the Spider Nest)


   Skills:
 * Level 13.9(18.4) Fighting
 + Level 9.5(14.0) Armour
 + Level 9.7(14.2) Dodging
 + Level 17.0(21.5) Stealth
 + Level 10.6(15.1) Shields
 * Level 19.2(23.7) Unarmed Combat
 - Level 5.0(4.6) Spellcasting
 - Level 4.2(3.8) Transmutations
 - Level 2.0(1.7) Earth Magic
 - Level 4.0(3.6) Invocations
 + Level 13.7(13.3) Evocations


You had 24 spell levels left.
You knew the following spells:

 Your Spells              Type           Power        Failure   Level  Hunger
a - Magic Dart            Conj           #...         99%         1    None
c - Passwall              Trmt/Erth      ##........   99%         3    ###....
d - Stoneskin             Trmt/Erth      ##........   89%         2    ##.....


Dungeon Overview and Level Annotations

Branches:
Dungeon (15/15)            Temple (1/1) D:5             Orc (4/4) D:11
    Elf (3/3) Orc:3          Lair (8/8) D:8           Swamp (0/5) Lair:6
 Spider (5/5) Lair:5        Slime (0/6) Lair:6       Vaults (5/5) D:14
  Blade (0/1) Vaults:3      Crypt (0/5) Vaults:2     Depths (2/5) D:15

Altars:
Ashenzari
Cheibriados
Dithmenos
Elyvilon
Fedhas
Kikubaaqudgha
Makhleb
Nemelex Xobeh
Okawaru
Sif Muna
Trog
Vehumet
Xom
Yredelemnul
Zin
The Shining One
Beogh
Jiyva

Shops:
D:12 %   Orc:1 ?   Orc:3 %   Orc:4 (([}   Elf:2 }

Portals:
Hell: Depths:1 Depths:2
Abyss: Depths:2


Innate Abilities, Weirdness & Mutations

You are immune to rotting.
You have razor-sharp teeth.
You regenerate.
When hurt, damage is shared between your health and your magic reserves.
Your bite disrupts and absorbs the magic of your enemies.
Potions and wands cannot restore your HP.
You have a fast metabolism.


Message History

The spray of metal splinters misses you.
The spray of metal splinters hits the deep elf annihilator.
The deep elf annihilator gestures at you while chanting.
The iron shot hits you!
* * * LOW HITPOINT WARNING * * *
Read which item? (? for menu, Esc to quit)
Okay, then.
Unknown command.
Drink which item? (? for menu, Esc to quit)
Okay, then.
Unknown command.
Read which item? (? for menu, Esc to quit)
Okay, then.
Evoke which item? (* to show all) (? for menu, Esc to quit)
The tentacled monstrosity loses its grip on you.
A mighty gale blasts forth from the fan!
The monsters around you are blown away!
The winds coalesce and take form.
The frost giant points at you and mumbles some strange words.
The bolt of cold hits you! You resist.
You die...

. # #...## ..... .. ..##....##
...... . ....##....#+ ..... .
.....##....## ..... .
#.....##....## .....
##########.e.C.#'....########....
##.......##.....##.........##....
'..%......##.E...##..)......'....
##.........##..%@.##.......##....
########....+#.....##########.##.
.......##....##...XD##........#
......####....##.E...##.......#
)....##..'#....##H....##......#
....##....##)...##..E..##.....# )
...##.....###...# #!.. ##....##.
..##.....## #...#. #. ##.....(
..##}[..## #...#..## ##......


You could see a tentacled monstrosity, an iron dragon, a frost giant, a tengu
reaver, a deep elf annihilator and 3 friendly air elementals.

Vanquished Creatures
  A golden dragon (Depths:2)
  A bone dragon (Vaults:4)
  Nikola (Spider:1)
  Arachne (Spider:3)
  A tentacled monstrosity (Vaults:5)
  An Ice Fiend (IceCv)
  A storm dragon (Vaults:5)
  3 sphinxes
  A tengu reaver (Vaults:5)
  2 shadow dragons (Vaults:5)
  3 frost giants
  A fire giant (Vaults:3)
  3 deep elf sorcerers
  Maud (Lair:5)
  An orc warlord (Orc:4)
  3 ghost moths (Spider:5)
  8 vault wardens
  Gastronok (Lair:5)
  5 emperor scorpions
  A deep elf demonologist (Vaults:2)
  5 stone giants
  2 deep elf annihilators
  3 dire elephants
  5 ettins
  A minotaur (Depths:2)
  The ghost of Maka the Spear-Bearer, a powerful MfSk of Cheibriados (IceCv)
  3 deep elf death magi (Vaults:2)
  29 vault guards
  3 fire dragons
  4 ice dragons
  6 yaktaur captains
  3 hydras
  13 ironheart preservers
  A great orb of eyes (Vaults:3)
  A ravenous item mimic (Vaults:3)
  A rakshasa (Vaults:2)
  Nessos (Spider:1)
  3 dancing weapons (Vaults:3)
  13 ogre magi
  A ravenous feature mimic (Bazaar)
  A tengu warrior (Depths:1)
  4 deep troll earth magi
  5 deep troll shamans
  3 orc high priests
  2 catoblepae
  6 centaur warriors
  3 very ugly things
  A hell knight (Depths:2)
  A fire crab (Vaults:5)
  7 deep elf knights
  An iron troll (Vaults:4)
  Erolcha (D:8)
  A skeletal warrior (D:14)
  6 ice devils
  A salamander mystic (Depths:1)
  23 orb spiders
  18 deep trolls
  A giant orange brain (Vaults:1)
  6 deep elf summoners
  2 ice statues
  12 orc knights
  A necromancer (Vaults:1)
  2 lindwurms (Lair:8)
  13 deep elf conjurers
  A flayed ghost (Vaults:4)
  27 wolf spiders
  12 ironbrand convokers
  3 griffons
  2 wolf spiders (shapeshifter)
  5 salamanders (Depths:1)
  13 hill giants
  15 red wasps
  6 orc sorcerers
  A red wasp (shapeshifter) (Vaults:4)
  3 moths of wrath
  2 wizards
  3 manticores
  3 black mambas (Lair:7)
  A faun (shapeshifter) (Vaults:5)
  2 phantasmal warriors (Vaults:5)
  3 elephants (Lair:5)
  6 cyclopes
  A molten gargoyle (Depths:1)
  13 vault sentinels
  9 spiny frogs
  A yaktaur (shapeshifter) (Vaults:5)
  A titan simulacrum (Vaults:1)
  A queen ant (Lair:6)
  An elf (shapeshifter) (Vaults:1)
  10 deep elf priests
  An efreet (D:15)
  A fire drake (Lair:8)
  25 yaktaurs
  A tengu conjurer (D:15)
  14 demonic crawlers
  5 anaconda simulacra (IceCv)
  6 freezing wraiths
  A queen bee (shapeshifter) (Vaults:1)
  A silent spectre (Vaults:2)
  2 trolls
  3 giant fireflies (Lair:8)
  3 giant leeches (Lair:8)
  25 jumping spiders
  8 komodo dragons
  A kobold demonologist (Vaults:3)
  9 two-headed ogres
  A spectral elf (Vaults:2)
  A polar bear (Lair:8)
  A wolf spider simulacrum (IceCv)
  A raiju (shapeshifter) (Vaults:1)
  18 slime creatures
  A raven (shapeshifter) (Vaults:2)
  A trapdoor spider zombie (D:14)
  6 boulder beetles
  2 basilisks
  13 blink frogs
  8 ravens
  A tarantella (shapeshifter) (Vaults:5)
  39 redbacks
  26 trapdoor spiders
  3 wraiths
  21 tarantellas
  23 deep elf fighters
  4 shadows
  A steam dragon (D:11)
  A vampire (Depths:2)
  2 wyverns
  4 elephant slugs
  31 ugly things
  A hog (shapeshifter) (Vaults:1)
  7 sharks
  25 yaks
  5 hippogriffs
  3 hungry ghosts
  2 death yak simulacra (IceCv)
  A yak (shapeshifter) (Vaults:4)
  16 vampire mosquitoes
  16 deep elf magi
  18 humans
  A human (shapeshifter) (Vaults:3)
  A raven zombie (D:15)
  2 dire elephant simulacra (IceCv)
  13 wolves
  4 harpy simulacra (IceCv)
  13 soldier ants (Lair:6)
  An iron troll simulacrum (IceCv)
  7 wargs
  3 hydra simulacra (IceCv)
  The ghost of Deemzul the Ruffian, an average VSMo (D:4)
  2 mottled dragons
  9 porcupines
  14 water moccasins
  2 alligator simulacra (IceCv)
  51 orc warriors
  3 sky beasts
  4 black bears
  41 ogres
  24 spiders
  A human zombie (Vaults:1)
  A phantom (D:6)
  A yellow wasp (Spider:4)
  7 ice beasts
  A boring beetle (Spider:4)
  A giant goldfish (Lair:2)
  15 centaurs
  Sigmund (D:5)
  A big kobold (D:14)
  22 giant frogs
  10 giant slugs
  2 yaktaur zombies
  The ghost of Deemzul the Ruffian, an average VSMo (D:3)
  10 crocodiles
  5 brain worms (Lair:8)
  A glowing shapeshifter simulacrum (Vaults:1)
  4 jellies
  6 ogre simulacra
  2 cyclops skeletons
  15 killer bees
  7 scorpions
  An eye of draining (shapeshifter) (D:15)
  3 electric eels
  A crimson imp (D:8)
  3 goliath beetles
  5 big fish
  3 draconian simulacra (IceCv)
  13 hounds
  37 orc priests
  2 centaur skeletons
  3 orange rats
  A giant frog skeleton (D:11)
  A kobold skeleton (D:11)
  41 worker ants
  A black bear skeleton (D:9)
  43 orc wizards
  5 troll simulacra (IceCv)
  7 iguanas
  45 sheep
  A polar bear simulacrum (IceCv)
  A sky beast zombie (D:10)
  A spriggan simulacrum (IceCv)
  2 centaur simulacra (IceCv)
  A hound zombie (D:6)
  2 worker ant zombies
  21 adders
  48 green rats
  3 gnolls (D:7)
  An inept item mimic (Orc:3)
  A naga simulacrum (IceCv)
  5 shadow imps
  4 giant mites
  9 white imps
  26 worms
  5 ufetubi (IceCv)
  An iguana skeleton (D:4)
  An orc zombie (D:6)
  An orc skeleton (D:6)
  3 giant eyeballs
  12 giant geckos
  6 oozes
  252 orcs
  2 ball pythons
  26 bats
  16 giant cockroaches
  24 hobgoblins
  30 kobolds
  15 quokkas
  6 giant newts
  2 giant spores
  20 goblins
  A goblin zombie (D:10)
  A hobgoblin skeleton (D:4)
  33 jackals
  A jackal skeleton (D:10)
  A quokka skeleton (D:6)
  19 rats
  A rat skeleton (D:4)
  13 ballistomycetes
  A crawling corpse (Elf:2)
  2 fungi (Lair:8)
  9 plants
1969 creatures vanquished.

Vanquished Creatures (collateral kills)
  An orc warlord (Orc:3)
  A red wasp (Spider:3)
  A jumping spider (Spider:3)
3 creatures vanquished.

Vanquished Creatures (others)
  3 orb spiders
  A boulder beetle (Lair:6)
  A yak (Lair:6)
  A deep elf fighter (Elf:2)
  A porcupine (Lair:5)
  An ufetubus (IceCv)
  2 giant spores (D:11)
  A crawling corpse (Elf:2)
  A fungus (Lair:7)
  2 plants
14 creatures vanquished.

Grand Total: 1986 creatures vanquished

Notes
Turn   | Place    | Note
--------------------------------------------------------------
     0 | D:1      | Deemzul, the Vine Stalker Monk, began the quest for the Orb.
     0 | D:1      | Reached XP level 1. HP: 11/11 MP: 1/1
    34 | D:1      | Reached XP level 2. HP: 13/16 MP: 3/3
    69 | D:1      | Reached XP level 3. HP: 17/20 MP: 4/4
   840 | D:2      | Reached XP level 4. HP: 24/24 MP: 5/5
  1111 | D:2      | Reached skill level 5 in Unarmed Combat
  1244 | D:2      | Found a shadowy altar of Dithmenos.
  1827 | D:3      | Reached XP level 5. HP: 25/29 MP: 7/7
  1961 | D:3      | Found a glowing drain.
  2123 | Sewer    | Entered a sewer
  2347 | Sewer    | Gained mutation: You heal very quickly. [vine stalker growth]
  2347 | Sewer    | Reached XP level 6. HP: 20/34 MP: 8/8
  2972 | D:3      | Noticed Deemzul's ghost (average VSMo)
  2985 | D:3      | Killed Deemzul's ghost
  2985 | D:3      | Reached skill level 5 in Fighting
  2985 | D:3      | Reached skill level 6 in Unarmed Combat
  3024 | D:3      | Found a bloodstained altar of Trog.
  3279 | D:4      | Noticed Deemzul's ghost (average VSMo)
  3293 | D:4      | Killed Deemzul's ghost
  3293 | D:4      | Reached XP level 7. HP: 36/39 MP: 9/9
  3706 | D:4      | Reached skill level 7 in Unarmed Combat
  3781 | D:4      | Found a viscous altar of Jiyva.
  4374 | D:5      | Entered Level 5 of the Dungeon
  4409 | D:5      | Got an ominously black robe
  4418 | D:5      | Identified the +4 robe of Thrynny {Contam +Rage +Inv rN+ Dex+2} (You found it on level 5 of the Dungeon)
  4483 | D:5      | Gained mutation: You have razor-sharp teeth. [vine stalker growth]
  4483 | D:5      | Reached XP level 8. HP: 41/44 MP: 11/11
  4522 | D:5      | Reached skill level 1 in Evocations
  4554 | D:5      | Noticed Sigmund
  4618 | D:5      | Killed Sigmund
  4887 | D:5      | Found a burning altar of Makhleb.
  4994 | D:5      | Found a staircase to the Ecumenical Temple.
  5043 | Temple   | Entered the Ecumenical Temple
  5078 | Temple   | Became a worshipper of Warmaster Okawaru
  5078 | Temple   | Acquired Okawaru's first power
  5190 | D:6      | Reached skill level 8 in Unarmed Combat
  5300 | D:6      | Reached skill level 1 in Invocations
  5397 | D:6      | Found a radiant altar of Vehumet.
  5700 | D:6      | Reached XP level 9. HP: 44/49 MP: 14/16
  5789 | D:6      | Found a shimmering altar of Xom.
  5991 | D:7      | Found a shattered altar of Ashenzari.
  6125 | D:7      | Reached skill level 1 in Armour
  6149 | D:7      | Got a glittering lead ring
  6169 | D:7      | Identified the ring of No Interval {Hunger- +Blink rPois rF- Int+3} (You found it on level 7 of the Dungeon)
  6276 | D:7      | Reached skill level 9 in Unarmed Combat
  6284 | D:7      | Found a white marble altar of Elyvilon.
  6306 | D:7      | Reached skill level 1 in Shields
  6420 | D:7      | Reached skill level 5 in Stealth
  6530 | D:7      | Found a blossoming altar of Fedhas.
  6922 | D:8      | Noticed Erolcha
  7171 | D:8      | Reached XP level 10. HP: 42/55 MP: 17/18
  7390 | D:9      | Paralysed by a giant eyeball for 4 turns
  7408 | D:9      | Reached skill level 10 in Unarmed Combat
  7503 | D:8      | Found a staircase to the Lair.
  7590 | Lair:1   | Entered Level 1 of the Lair of Beasts
  7607 | Lair:1   | Acquired Okawaru's second power
  8405 | Lair:2   | Received a gift from Okawaru
  8405 | Lair:2   | Reached skill level 5 in Evocations
  8795 | Lair:2   | Noticed a death yak
  8986 | Lair:2   | Reached skill level 11 in Unarmed Combat
  8986 | Lair:2   | Reached XP level 11. HP: 45/60 MP: 18/22
  9127 | Lair:3   | Noticed Gastronok
  9880 | D:9      | Found a burning altar of Makhleb.
 10032 | D:9      | Found a bloodstained altar of Trog.
 10033 | D:9      | Found a sparkling altar of Nemelex Xobeh.
 10104 | D:10     | Entered Level 10 of the Dungeon
 10140 | D:10     | Noticed a hill giant
 10460 | Lair:4   | Noticed a four-headed hydra
 10499 | Lair:4   | Killed a four-headed hydra
 10700 | Lair:4   | Reached skill level 12 in Unarmed Combat
 11376 | Lair:5   | Received a gift from Okawaru
 11697 | Lair:5   | Gained mutation: You regenerate. [vine stalker growth]
 11697 | Lair:5   | Reached XP level 12. HP: 61/66 MP: 22/24
 12318 | Lair:5   | Noticed Maud
 12347 | Lair:5   | Killed Maud
 12347 | Lair:5   | Reached skill level 10 in Stealth
 12347 | Lair:5   | Reached skill level 13 in Unarmed Combat
 12404 | Lair:5   | Found a hole to the Spider Nest.
 12694 | D:8      | Found a glowing silver altar of Zin.
 12783 | D:8      | Killed Erolcha
 12835 | D:10     | Killed a hill giant
 12850 | D:10     | Found a basalt altar of Yredelemnul.
 13043 | D:10     | Found a glowing silver altar of Zin.
 13505 | D:11     | Found a staircase to the Orcish Mines.
 13743 | D:11     | Learned a level 1 spell: Magic Dart
 13747 | D:11     | Learned a level 1 spell: Sandblast
 13841 | D:11     | Noticed a seven-headed hydra
 13875 | D:11     | Killed a seven-headed hydra
 13875 | D:11     | Received a gift from Okawaru
 13875 | D:11     | Reached skill level 1 in Spellcasting
 13884 | D:11     | Identified a +0 pair of boots of running (Okawaru gifted it to you on level 11 of the Dungeon)
 13897 | D:11     | Reached skill level 1 in Earth Magic
 14416 | D:12     | Found Simpuaci's Food Shoppe.
 14491 | D:12     | Reached skill level 10 in Fighting
 14491 | D:12     | Reached XP level 13. HP: 72/72 MP: 24/26
 14532 | D:12     | Learned a level 3 spell: Passwall
 14730 | D:12     | Found a blossoming altar of Fedhas.
 15050 | D:13     | Reached skill level 1 in Transmutations
 15135 | D:13     | Identified a scroll of acquirement
 15136 | D:13     | Got a scintillating marble ring
 15138 | D:13     | Identified the ring of Eneis {rC+ Str+2 Dex+4 Int+4} (You acquired it on level 13 of the Dungeon)
 15797 | Orc:1    | Entered Level 1 of the Orcish Mines
 16032 | Orc:1    | Found Fubang's Magic Scroll Boutique.
 16265 | Orc:2    | Found a roughly hewn altar of Beogh.
 16470 | Orc:2    | Found a roughly hewn altar of Beogh.
 16522 | Orc:2    | Found a roughly hewn altar of Beogh.
 16648 | Orc:3    | Found a staircase to the Elven Halls.
 16900 | Orc:3    | Noticed an orc warlord
 16953 | Orc:3    | Killed an orc warlord
 16953 | Orc:3    | Reached skill level 14 in Unarmed Combat
 16998 | Orc:3    | Received a gift from Okawaru
 16999 | Orc:3    | Got a faintly glowing robe {god gift}
 17004 | Orc:3    | Identified the +1 robe of Dicauror {+Inv rF+ Dex+2 Curse} (Okawaru gifted it to you on level 3 of the Orcish Mines)
 17208 | Orc:3    | You fall through a shaft!
 17208 | Orc:4    | Entered Level 4 of the Orcish Mines
 17491 | Orc:4    | Found a roughly hewn altar of Beogh.
 17519 | Orc:4    | Found Utuuczau's Gadget Boutique.
 17590 | Orc:4    | Noticed an orc warlord
 17631 | Orc:4    | Killed an orc warlord
 17925 | Orc:4    | Found a roughly hewn altar of Beogh.
 17925 | Orc:4    | Found Fenux's Antique Weapon Shop.
 17930 | Orc:4    | Found Luhoff's Antique Armour Boutique.
 17973 | Orc:4    | Found a roughly hewn altar of Beogh.
 18104 | Orc:4    | Found a roughly hewn altar of Beogh.
 18126 | Orc:4    | Found a roughly hewn altar of Beogh.
 18225 | Orc:4    | Found a roughly hewn altar of Beogh.
 18348 | Orc:4    | Found a roughly hewn altar of Beogh.
 18353 | Orc:4    | Found Makuph's Antique Weapon Shoppe.
 18508 | Orc:4    | Bought a glowing helmet for 166 gold pieces
 18744 | Orc:3    | Found Acahy's Food Shoppe.
 19273 | Lair:5   | Reached XP level 14. HP: 73/77 MP: 28/28
 19354 | Lair:5   | Paralysed by a potion of paralysis for 6 turns
 19370 | Lair:5   | Killed Gastronok
 19412 | Lair:5   | Noticed a five-headed hydra
 19421 | Lair:5   | Killed a five-headed hydra
 19421 | Lair:5   | Received a gift from Okawaru
 19468 | Lair:5   | Got a distressingly furry cloak {god gift}
 19471 | Lair:5   | Identified the -3 cloak of the Shoals {+Blink +Fly rC+} (Okawaru gifted it to you on level 5 of the Lair of Beasts)
 19767 | Lair:6   | Found a staircase to the Swamp.
 20577 | Lair:8   | Entered Level 8 of the Lair of Beasts
 21098 | Lair:8   | Found a dark tunnel.
 21104 | Volcano  | Entered a volcano
 21443 | Lair:8   | Got a smoking cutlass
 21444 | Lair:8   | Identified the +4,+11 cutlass "Smuten" {slice, *Rage Str+3 Int-3 Stlth++} (You found it on level 8 of the Lair of Beasts)
 21839 | Lair:8   | Received a gift from Okawaru
 21843 | Lair:8   | Reached skill level 15 in Unarmed Combat
 21863 | Lair:8   | Got a jewelled ring mail {god gift}
 21865 | Lair:8   | Identified the +3 ring mail "Zobogat" {Dex+3 Int+3} (Okawaru gifted it to you on level 8 of the Lair of Beasts)
 22564 | Lair:6   | Found a staircase to the Slime Pits.
 22990 | D:14     | Found a gate to the Vaults.
 23080 | D:14     | Reached skill level 10 in Evocations
 23080 | D:14     | Reached XP level 15. HP: 82/82 MP: 29/29
 23104 | D:14     | Reached skill level 5 in Dodging
 23669 | D:14     | Reached skill level 5 in Shields
 23926 | D:15     | Entered Level 15 of the Dungeon
 24419 | D:15     | Found a staircase to the Depths.
 25021 | Spider:1 | Entered Level 1 of the Spider Nest
 25051 | Spider:1 | Noticed Nikola
 25069 | Spider:1 | Killed Nikola
 25069 | Spider:1 | Received a gift from Okawaru
 25100 | Spider:1 | Noticed Nessos
 25114 | Spider:1 | Killed Nessos
 25536 | Spider:2 | Reached skill level 5 in Armour
 25561 | Spider:2 | Got a jasper-encrusted ring mail
 25562 | Spider:2 | Identified the +1 ring mail of Idealism {rElec rPois Curse} (You found it on level 2 of the Spider Nest)
 25717 | Spider:3 | Noticed Arachne
 25749 | Spider:3 | Killed Arachne
 25749 | Spider:3 | Reached XP level 16. HP: 44/88 MP: 31/31
 25933 | Spider:3 | Reached skill level 16 in Unarmed Combat
 26034 | Spider:3 | Identified a cursed +1 rod of inaccuracy (10/10) (You found it on level 3 of the Spider Nest)
 26070 | Spider:3 | Learned a level 2 spell: Stoneskin
 26144 | Spider:3 | Received a gift from Okawaru
 26168 | Spider:3 | Got a smoking buckler {god gift}
 26177 | Spider:3 | Identified the -3 buckler of Critoo {rElec rPois Dex+1 Acc+4 Stlth--} (Okawaru gifted it to you on level 3 of the Spider Nest)
 28083 | Elf:1    | Entered Level 1 of the Elven Halls
 28433 | Elf:1    | Received a gift from Okawaru
 29113 | Elf:2    | Found a frozen archway.
 29140 | IceCv    | Entered an ice cave
 29218 | IceCv    | Reached XP level 17. HP: 93/93 MP: 32/32
 29446 | IceCv    | Noticed Maka's ghost (powerful MfSk)
 29467 | IceCv    | Killed Maka's ghost
 29526 | IceCv    | Noticed an Ice Fiend
 29536 | IceCv    | Gained mutation: Armour fits poorly on your strangely shaped body. [potion of mutation]
 29536 | IceCv    | Gained mutation: You can breathe flames. [potion of mutation]
 29536 | IceCv    | Gained mutation: Your mind is acute. (Int +2) [potion of mutation]
 29576 | IceCv    | Killed an Ice Fiend
 29576 | IceCv    | Reached skill level 5 in Spellcasting
 29651 | Elf:2    | Lost mutation: Your mind is acute. (Int +2) [potion of cure mutation]
 29651 | Elf:2    | Lost mutation: Armour fits poorly on your strangely shaped body. [potion of cure mutation]
 29651 | Elf:2    | Lost mutation: You can breathe flames. [potion of cure mutation]
 29699 | Elf:2    | Found Gimuitud's Gadget Emporium.
 29711 | Elf:2    | Bought a fan of gales for 400 gold pieces
 29723 | Elf:3    | Entered Level 3 of the Elven Halls
 29784 | Elf:3    | Noticed a Brimstone Fiend
 30942 | Spider:5 | Entered Level 5 of the Spider Nest
 31320 | Spider:5 | Received a gift from Okawaru
 31324 | Spider:5 | Got a fine cloak {god gift}
 31328 | Spider:5 | Identified the -1 cloak "Mnezy" {Dex+2 Acc+6 Curse} (Okawaru gifted it to you on level 5 of the Spider Nest)
 31431 | Spider:5 | Reached skill level 17 in Unarmed Combat
 31514 | Spider:5 | Got a gossamer rune of Zot
 31816 | Spider:5 | Got a crude robe
 31843 | Spider:5 | Identified the +1 robe of Stagurol {rElec Dam+2 Curse} (You found it on level 5 of the Spider Nest)
 32191 | Vaults:1 | Entered Level 1 of the Vaults
 32614 | Vaults:1 | Reached skill level 15 in Stealth
 32648 | Vaults:1 | Reached XP level 18. HP: 76/98 MP: 33/33
 33397 | Vaults:1 | Received a gift from Okawaru
 33761 | Vaults:2 | Paralysed by a sphinx for 7 turns
 33769 | Vaults:2 | HP: 1/99 [sphinx/divine providence (7)]
 34405 | Vaults:2 | Found a staircase to the Crypt.
 34473 | Vaults:2 | Received a gift from Okawaru
 34707 | Vaults:3 | Reached XP level 19. HP: 97/103 MP: 34/34
 34720 | Vaults:3 | Reached skill level 18 in Unarmed Combat
 34988 | Vaults:3 | Found a gateway to a bazaar.
 35067 | Bazaar   | Entered a bazaar
 35081 | Bazaar   | Found Xiunti's Antique Weapon Shoppe.
 35104 | Bazaar   | Found Cigrula's Assorted Antiques.
 35104 | Bazaar   | Found Fran's Armour Emporium.
 35106 | Bazaar   | Fran's Armour Emporium was a mimic.
 35202 | Vaults:3 | Found a staircase to the Hall of Blades.
 35295 | Vaults:3 | Got a brightly glowing leather armour
 35296 | Vaults:3 | Identified the cursed +1 leather armour of Honesty {Dex+4 Int+2} (You found it on level 3 of the Vaults)
 35928 | Vaults:4 | Received a gift from Okawaru
 36276 | Vaults:5 | Entered Level 5 of the Vaults
 36364 | Vaults:4 | Received a gift from Okawaru
 36649 | Vaults:5 | Reached XP level 20. HP: 67/109 MP: 35/35
 36652 | Vaults:5 | Received a gift from Okawaru
 36658 | Vaults:5 | Got a transparent plate armour {god gift}
 36661 | Vaults:5 | Identified the +7 plate armour of Isupemm {+Fly rC+ MR++ Int-1 Acc-1} (Okawaru gifted it to you on level 5 of the Vaults)
 36786 | Vaults:5 | Identified a +3 rod of striking (9/9) (You found it on level 5 of the Vaults)
 36959 | Vaults:5 | Reached skill level 10 in Shields
 36975 | Vaults:5 | Noticed a bone dragon
 36991 | Vaults:5 | Noticed a golden dragon
 36999 | Vaults:4 | Killed a bone dragon
 37932 | Vaults:3 | Received a gift from Okawaru
 38618 | D:15     | Reached skill level 19 in Unarmed Combat
 38648 | Depths:1 | Entered Level 1 of the Depths
 38750 | Depths:1 | Found a gateway to Hell.
 39252 | Depths:2 | Found a one-way gate to the infinite horrors of the Abyss.
 39322 | Depths:2 | Gained mutation: You have a fast metabolism. [mutagenic glow]
 39554 | Depths:2 | Noticed a golden dragon
 39566 | Depths:2 | Killed a golden dragon
 39566 | Depths:2 | Reached XP level 21. HP: 99/114 MP: 34/36
 39580 | Depths:2 | HP: 1/114 [deep elf annihilator/iron shot (35)]
 39581 | Depths:2 | Killed from afar by a frost giant

Action                   |  1- 3 |  4- 6 |  7- 9 | 10-12 | 13-15 | 16-18 | 19-21 || total
-------------------------+-------+-------+-------+-------+-------+-------+-------++-------
Melee: Unarmed           |   119 |   401 |   380 |   853 |  1493 |  1357 |   859 ||  5462
 Fire: Blowgun           |       |     3 |    18 |       |    25 |       |     2 ||    48
Throw: Dart              |       |     2 |     3 |       |       |       |       ||     5
       Javelin           |       |       |     7 |       |     3 |       |       ||    10
 Cast: Stoneskin         |       |       |       |       |       |     1 |     1 ||     2
Invok: Heroism           |       |       |     1 |     8 |    43 |    40 |    25 ||   117
       Finesse           |       |       |       |     1 |     4 |     6 |     4 ||    15
 Abil: Evoke Berserk Rag |       |       |       |     1 |       |     1 |       ||     2
       Evoke Blink       |       |       |       |       |     2 |       |    18 ||    20
       Breathe Fire      |       |       |       |       |       |     2 |       ||     2
       Evoke Invisibilit |       |       |       |       |       |       |     2 ||     2
Evoke: Wand              |       |       |     8 |    22 |    28 |    33 |     5 ||    96
       Stone of tremors  |       |       |       |     2 |     1 |     1 |     1 ||     5
       Box of beasts     |       |       |       |       |       |     1 |     2 ||     3
       Fan of gales      |       |       |       |       |       |     1 |     2 ||     3
       Rod               |       |       |       |       |       |       |     1 ||     1
  Use: Potion            |     1 |     9 |     1 |     5 |     6 |     5 |     2 ||    29
       Scroll            |     1 |     3 |     5 |     9 |    10 |    11 |     5 ||    44
 Stab: Sleeping          |     1 |     8 |     9 |    48 |    57 |    58 |    25 ||   206
       Distracted        |       |       |     2 |     5 |    10 |    12 |     5 ||    34
       Paralysed         |       |       |       |       |     3 |       |       ||     3
       Invisible         |       |       |       |       |       |       |     1 ||     1
